 Dungeon Crawl Stone Soup version 0.25.1-4-g9407a263a5 (webtiles) character file.

Game seed: 15441762877751346696

55 Clowwww the Magician (level 3, -3/25 HPs)
             Began as a Demonspawn Wizard on Nov 28, 2020.
             Slain by a worker ant (6 damage)
             ... on level 2 of the Dungeon.
             The game lasted 00:08:08 (2512 turns).

Clowwww the Magician (Demonspawn Wizard)            Turns: 2512, Time: 00:08:08

Health: -3/25      AC:  2    Str:  7    XL:     3   Next: 67%
Magic:  2/8        EV: 12    Int: 20    God:
Gold:   76         SH:  0    Dex: 11    Spells: 9/10 levels left

rFire    + . .     SeeInvis .   (no weapon)
rCold    + . .     Gourm    .   (no shield)
rNeg     . . .     Faith    .   a - +0 robe
rPois    +         Spirit   .   b - +0 hat
rElec    +         Reflect  .   (no cloak)
rCorr    +         Harm     .   (no gloves)
MR       .....                  (no boots)
Stlth    ++........             (no amulet)
HPRegen  0.08/turn              (no ring)
MPRegen  0.11/turn              (no ring)

@: lethally poisoned (-3 -> -6), resistant
A: demonic guardian 1
a: no special abilities


You were on level 2 of the Dungeon.
You were hungry.

You visited 1 branch of the dungeon, and saw 3 of its levels.

You collected 76 gold pieces.

Inventory:

Armour
 a - a +0 robe (worn)
 b - a +0 hat (worn)
Jewellery
 l - an uncursed amulet of regeneration
Wands
 o - a wand of clouds (4)
Scrolls
 e - a scroll of fear {unknown}
 g - 4 scrolls of amnesia {unknown}
 h - 2 scrolls of remove curse {unknown}
 i - a scroll of blinking {unknown}
 k - 2 scrolls of enchant armour {unknown}
 m - 2 scrolls of identify {unknown}
Potions
 f - a potion of stabbing {unknown}
 n - 2 potions of curing {unknown}
Comestibles
 d - 2 rations


   Skills:
 + Level 0.4 Fighting
 + Level 1.9 Dodging
 + Level 2.0 Stealth
 + Level 0.2 Unarmed Combat
 + Level 4.1 Spellcasting
 + Level 1.3 Conjurations
   Level 1.0 Summonings
   Level 0.8 Translocations


You had 9 spell levels left.
You knew the following spells:

 Your Spells              Type           Power        Failure   Level  Hunger
a - Magic Dart            Conj           #...         8%          1    None

Your spell library contained the following spells:

 Spells                   Type           Power        Failure   Level  Hunger
 Call Imp                 Summ           #.......     13%         2    #......
 Blink                    Tloc           N/A          14%         2    #......
 Slow                     Hex            #.......     19%         2    #......
 Conjure Flame            Conj/Fire      #.......     28%         3    ###....
 Mephitic Cloud           Conj/Pois/Air  #.......     32%         3    ###....


Dungeon Overview and Level Annotations

Branches:
Dungeon (3/15)

Altars:
Cheibriados
Ru
Uskayaw


Innate Abilities, Weirdness & Mutations

A weak demonic guardian rushes to your aid.


Message History

You climb upwards.
You feel sick.
There is a stone staircase leading down here.
You barely miss the worker ant.
The worker ant is heavily wounded.
The worker ant bites you.
You barely miss the worker ant.
The worker ant is heavily wounded.
You feel sick. The worker ant barely misses you.
You feel sick. The worker ant closely misses you. The worker ant bites you.
* * * LOW HITPOINT WARNING * * *
You feel sick.
You feel sick. The worker ant bites you.
* * * LOW HITPOINT WARNING * * *
* * * LOW HITPOINT WARNING * * *
You feel sick.
It was a potion of resistance.
You feel protected. The worker ant bites you.
You die...

#.##......##..........#
#.###...#.##.##.#####.# #.#
##.##.##.##.รท.....#
####.#######.##.########.#
####.......(..#.##.## #.#####
........#####.#.#.#.#######......
####.#### #.#<.###........#####
#.# #.###a#.######### #.#
#...@.)## #.# ######## #.# #.#
####.# .....# ######


You could see a worker ant.

Vanquished Creatures
  An adder (D:2)
  A dart slug (D:2)
  2 leopard geckos (D:1)
  An orc (D:3)
  6 bats
  4 giant cockroaches
  4 goblins
  5 hobgoblins (D:1)
  A quokka (D:2)
  A ball python (D:1)
  A frilled lizard (D:1)
  8 kobolds
  3 rats
38 creatures vanquished.

Notes
Turn   | Place    | Note
-------+----------+-------------------------------------------
     0 | D:1      | Clowwww the Demonspawn Wizard began the quest for the Orb.
     0 | D:1      | Reached XP level 1. HP: 13/13 MP: 4/4
   217 | D:1      | Gained mutation: A weak demonic guardian rushes to your
                  | aid. [demonic ancestry]
   217 | D:1      | Reached XP level 2. HP: 17/19 MP: 1/6
  1226 | D:1      | Reached XP level 3. HP: 24/24 MP: 0/8
  1569 | D:2      | Found a hide-covered altar of Uskayaw.
  1699 | D:2      | Found a sacrificial altar of Ru.
  1743 | D:2      | Reached skill level 4 in Spellcasting
  1830 | D:2      | Found a snail-covered altar of Cheibriados.
  2512 | D:2      | Slain by a worker ant

Illustrated notes

Levels and vault maps discovered:
D:1:      ncdulo_halloftheorcs, layout_loops_ring
D:2:      layout_loops_ring, eat_drink_and_be_merry_uskayaw,
          overflow_temple_1_default, kennysheep_slug_shrine
D:3:      layout_basic

Skill      XL: |  1  2  3 |
---------------+----------+-----
Spellcasting   | 4 |  4.1
Stealth        | 2 |  2.0
Fighting       | |  0.4
Dodging        | |  1.9
Unarmed Combat | |  0.2
Conjurations   | |  1.3
Summonings     | |  1.0
Translocations | |  0.8

Action                   || total
-------------------------++-------
Melee: Unarmed           ||    51
 Cast: Magic Dart        ||   100
  Use: Potion            ||     1
  Eat: Chunk             ||     4
Armor: Robe              ||    15
Dodge: Dodged            ||    41
